Map: Tours du crépuscule

Players

zidar - Winner!

  • Race: Zerg Zerg
  • League: Gold
  • Spawn Location: 7:00

rewnin

  • Race: Terran Terran
  • League: Silver
  • Spawn Location: 1:00

VOD

Have the link to the VOD?

Description

Time

  • Played on: June 19, 2016, 9:38 a.m.
  • Length: 23:54
Show
View Real Time Build Order
Export as new Build Order

zidar Zerg - Winner!

Build Orders: Hatch First, Zergling Baneling 

Get SALT Encoding   

  12  0:02  Drone  
  13  0:12  Overlord  
  13  0:17  Drone  
  14  0:30  Drone x2  
  16  0:51  Hatchery  
  16  0:52  Drone  
  16  0:57  Extractor, Drone  
  16  1:15  Spawning Pool  
  16  1:18  Drone  
  16  1:22  Drone  
  17  1:32  Drone  
  18  1:34  Drone  
  19  1:40  Overlord  
  19  2:03  Queen x2  
  23  2:09  Zergling x4  
  23  2:15  Metabolic Boost  
  25  2:18  Drone  
  26  2:36  Drone x5  
  31  2:40  Overlord  
  31  2:52  Extractor  
  30  3:09  Drone  
  30  3:11  Baneling Nest  
  30  3:12  Drone x5  
  35  3:23  Drone x5  
  40  3:29  Pneumatized Carapace  
  40  3:42  Lair  
  40  3:57  Overlord x3  
  40  4:16  Queen  
  42  4:21  Zergling x8  
  42  4:22  Zergling x8  
  50  4:26  Baneling x4  
  50  4:37  Extractor  
  49  4:40  Extractor, Drone x6  
  54  4:48  Baneling x3  
  54  4:49  Baneling x3  
  54  4:51  Centrifical Hooks  
  54  5:19  Overlord x5  
  54  5:36  Hatchery  
  53  5:46  Spore Crawler  
  53  5:49  Spore Crawler  
  51  5:51  Spore Crawler  
  51  5:54  Spore Crawler  
  49  6:02  Drone  
  49  6:03  Drone x5  
  55  6:05  Drone x2  
  55  6:06  Drone  
  58  6:14  Spire  
  57  6:20  Evolution Chamber  
  57  6:24  Evolution Chamber, Zergling x2  
  57  6:25  Zergling x10  
  61  6:45  Queen  
  63  6:48  Hatchery  
  62  7:01  Drone x12  
  74  7:09  Drone  
  74  7:10  Drone x2  
  74  7:14  Zerg Ground Armor Level 1, Zerg Melee Weapons Level 1  
  77  7:21  Overlord x5  
  77  7:23  Overlord  
  77  7:33  Corruptor x2  
  77  7:35  Corruptor  
  83  7:40  Drone x2  
  83  7:41  Drone x2  
  83  7:44  Zerg Flyer Weapons Level 1  
  67  8:23  Drone  
  67  8:24  Drone x3  
  71  8:27  Drone x3  
  71  8:28  Drone  
  71  8:34  Drone x7  
  82  8:36  Drone  
  82  8:37  Drone x4  
  87  8:45  Corruptor x3  
  87  8:46  Corruptor x2  
  97  9:00  Zergling x14  
  104  9:09  Baneling x7  
  104  9:11  Zerg Melee Weapons Level 2  
  104  9:12  Zerg Ground Armor Level 2  
  104  9:20  Infestation Pit  
  103  9:25  Zergling x20  
  113  9:35  Hatchery  
  113  9:36  Drone x4  
  116  9:42  Extractor  
  116  9:44  Extractor, Drone  
  116  9:45  Drone x3  
  118  10:11  Hive  
  118  10:15  Zerg Flyer Weapons Level 2  
  118  10:19  Baneling  
  118  10:20  Baneling x11  
  118  10:22  Zergling x34  
  135  10:36  Drone  
  136  10:56  Zergling x2  
  140  10:57  Zergling x24  
  148  11:24  Baneling x2  
  148  11:25  Baneling x8  
  148  11:26  Baneling x3  
  148  11:27  Baneling x3  
  148  11:30  Overlord  
  148  11:31  Overlord x7  
  148  11:32  Overlord x2  
  148  11:57  Corruptor x4  
  148  11:58  Corruptor x4  
  148  11:59  Corruptor x3  
  148  12:00  Zergling x16  
  148  12:01  Zergling x12  
  184  12:10  Adrenal Glands  
  184  12:13  Zerg Melee Weapons Level 3  
  152  12:52  Zergling x20  
  152  12:53  Zergling x14  
  152  12:55  Baneling x11  
  152  12:56  Baneling x10  
  169  13:14  Zerg Ground Armor Level 3  
  169  13:26  Hatchery  
  128  13:43  Zergling x22  
  128  13:44  Zergling x16  
  90  15:05  Zergling x2  
  90  15:06  Zergling x36  
  90  15:07  Ultralisk Cavern  
  102  15:38  Hatchery  
  101  15:48  Zergling x18  
  101  15:49  Zergling x4, Corruptor x2  
  112  15:50  Corruptor x2  
  112  15:55  Extractor  
  119  16:00  Chitinous Plating, Extractor  
  118  16:28  Ultralisk x4  
  118  16:29  Ultralisk  
  118  16:31  Zergling x12  
  154  16:58  Overseer  
  141  17:39  Hatchery  
  141  17:42  Zergling x14  
  141  17:44  Zergling x32  
  131  17:46  Ultralisk  
  150  17:59  Extractor  
  150  18:01  Extractor  
  150  18:02  Ultralisk  
  150  18:03  Ultralisk  
  138  18:29  Ultralisk x2  
  138  18:30  Zergling x2  
  138  18:31  Zergling x4  
  153  18:54  Hatchery  
  118  19:35  Ultralisk x3  
  118  19:36  Ultralisk x2  
  118  19:37  Ultralisk  
  146  20:11  Ultralisk x2  
  146  20:12  Ultralisk  
  164  20:14  Zergling x10  
  164  20:15  Zergling x4  
  164  20:21  Overseer  
  133  22:06  Ultralisk x2  
  133  22:07  Ultralisk x3  
  133  22:08  Ultralisk x2  
Show
View Real Time Build Order
Export as new Build Order

rewnin Terran 

Build Orders:  

Get SALT Encoding   

  12  0:01  SCV  
  13  0:13  SCV  
  14  0:17  Supply Depot  
  14  0:25  SCV  
  15  0:39  Barracks, SCV  
  16  0:51  SCV  
  17  0:57  Supply Depot  
  17  1:03  SCV  
  18  1:08  Refinery  
  18  1:15  SCV  
  19  1:34  Supply Depot  
  19  1:44  Command Center  
  19  1:47  Marine  
  20  1:56  Orbital Command  
  20  2:09  Marine  
  20  2:15  Barracks  
  21  2:29  Marine  
  22  2:31  SCV  
  23  2:38  Barracks  
  23  2:43  SCV  
  24  2:53  Barracks Tech Lab  
  24  2:55  SCV  
  25  2:58  Refinery  
  25  3:01  Orbital Command  
  25  3:07  SCV  
  26  3:14  Bunker  
  26  3:17  Stimpack  
  26  3:19  Marine, SCV  
  28  3:20  Marine  
  29  3:29  Barracks Reactor  
  29  3:31  SCV  
  30  3:56  Marine  
  30  3:59  Barracks Reactor  
  30  4:02  Factory  
  31  4:06  SCV  
  32  4:13  SCV  
  32  4:14  Marine  
  34  4:18  SCV  
  34  4:22  Supply Depot  
  35  4:25  SCV  
  35  4:30  SCV  
  37  4:32  Marine  
  37  4:35  Engineering Bay  
  37  4:37  SCV  
  39  4:39  Engineering Bay  
  39  4:41  Marine  
  39  4:42  Marine x2, SCV  
  43  4:47  Starport  
  43  4:49  SCV  
  43  4:50  Marine  
  45  4:54  SCV  
  45  4:57  Supply Depot  
  46  5:01  SCV  
  46  5:06  SCV  
  48  5:07  Marine  
  49  5:20  Factory Reactor  
  49  5:23  Starport Reactor  
  49  5:25  Combat Shield  
  49  5:30  Marauder  
  51  5:37  Marine x3  
  51  5:38  Marine  
  51  5:40  Terran Infantry Weapons Level 1  
  51  5:42  Terran Infantry Armor Level 1  
  55  5:44  SCV x2  
  55  5:48  Refinery  
  57  5:51  Marauder  
  57  5:52  Refinery  
  57  5:56  SCV x2  
  61  6:02  Command Center  
  61  6:08  SCV  
  61  6:09  Supply Depot  
  62  6:24  Missile Turret  
  62  6:30  Supply Depot  
  62  6:31  Marauder, Hellion, Medivac x2  
  70  6:37  Supply Depot  
  70  6:45  Missile Turret  
  70  6:51  SCV  
  70  6:52  SCV  
  70  6:53  Supply Depot  
  72  6:55  Barracks  
  72  6:57  Hellion x2  
  72  7:01  Concussive Shells  
  76  7:04  SCV x2  
  76  7:07  Missile Turret  
  78  7:14  Marine x3, Marauder  
  78  7:15  Marine  
  84  7:16  Supply Depot  
  84  7:17  Orbital Command  
  84  7:20  Refinery  
  84  7:21  SCV  
  84  7:22  SCV  
  86  7:30  Medivac x2  
  86  7:32  Marine x3  
  86  7:33  SCV  
  86  7:34  SCV  
  86  7:35  Marauder  
  101  7:40  Widow Mine x2  
  101  7:45  SCV  
  101  7:46  SCV  
  103  7:58  SCV x2  
  97  8:10  SCV  
  92  8:21  Marine x4, Marauder  
  92  8:24  Liberator  
  92  8:25  Liberator  
  92  8:26  Hi-Sec Auto Tracking  
  102  8:27  Neosteel Armor  
  102  8:31  Widow Mine x2  
  102  8:32  Missile Turret  
  102  8:33  Missile Turret  
  102  8:36  Missile Turret  
  102  8:39  Marine x4  
  106  8:42  Marauder  
  114  8:53  Missile Turret  
  116  8:56  Marine  
  116  9:00  Widow Mine  
  116  9:02  Missile Turret x2  
  117  9:11  Supply Depot  
  117  9:12  Supply Depot  
  117  9:13  Supply Depot  
  117  9:16  Liberator x2  
  117  9:23  Missile Turret  
  117  9:25  Missile Turret  
  117  9:32  Marine, SCV x3  
  117  9:33  Marauder  
  117  9:34  Supply Depot  
  117  9:37  Supply Depot x2  
  131  9:40  Widow Mine  
  131  9:44  SCV x3  
  131  9:45  Barracks Reactor  
  136  9:48  Barracks  
  136  9:49  Barracks  
  136  9:51  Widow Mine  
  136  9:54  Marine, Marauder  
  136  9:55  Marine x2  
  136  9:56  Marine  
  136  9:57  SCV x2  
  136  9:59  Liberator x2  
  144  10:09  SCV  
  151  10:51  Marine, Marauder  
  151  10:52  Marine x7  
  161  11:09  Marine x4  
  165  11:24  Armory  
  165  11:28  Engineering Bay  
  165  11:37  Supply Depot  
  165  11:39  Supply Depot  
  165  11:51  Command Center  
  165  11:59  Marine x5, Marauder  
  172  12:01  Supply Depot  
  172  12:02  Supply Depot  
  172  12:21  Marauder  
  143  12:42  Marine, Marauder  
  143  12:43  Marine x7  
  99  13:00  Marine  
  99  13:01  Marine x6, Refinery  
  99  13:03  Marauder  
  99  13:04  Factory  
  109  13:06  Factory  
  109  13:07  Planetary Fortress  
  109  13:12  Refinery  
  109  13:14  Barracks Reactor  
  109  13:16  Terran Vehicle Weapons Level 1  
  109  13:17  Terran Infantry Weapons Level 2  
  109  13:18  Marine x5  
  109  13:19  Marine x2, Terran Infantry Armor Level 2  
  115  13:25  Marauder  
  81  13:46  Marauder  
  79  14:08  Marauder  
  85  14:14  Widow Mine  
  85  14:15  Widow Mine  
  81  14:43  Widow Mine x2  
  74  14:51  Marine, Marauder  
  74  14:52  Marine x6  
  84  15:11  Widow Mine  
  84  15:12  Marauder, Widow Mine  
  86  15:17  SCV  
  86  15:18  SCV  
  88  15:21  SCV  
  89  15:29  SCV  
  89  15:30  SCV  
  89  15:32  Command Center  
  89  15:33  SCV  
  89  15:34  Marauder  
  98  15:37  Marine  
  98  15:38  Marine x8  
  98  15:40  Widow Mine x2  
  98  15:41  SCV  
  98  15:42  SCV  
  109  15:45  SCV  
  109  15:46  Command Center  
  110  15:53  SCV, Medivac x2  
  110  15:54  SCV  
  110  15:55  Marine, Marauder  
  110  15:56  Marine x3  
  122  15:58  SCV  
  123  16:06  SCV x2  
  123  16:10  SCV  
  126  16:16  Marauder  
  128  16:22  Refinery  
  128  16:23  Medivac x2  
  128  16:25  Hellbat x2  
  136  16:38  Marauder  
  138  16:46  Hellbat  
  142  16:47  Hellbat  
  142  16:59  Marauder  
  144  17:08  Hellbat x2  
  118  17:26  Marauder  
  118  17:28  Barracks Tech Lab  
  118  17:38  Widow Mine x2  
  118  17:43  Planetary Fortress  
  114  17:47  Marauder  
  114  17:50  Planetary Fortress  
  116  18:01  Marauder  
  122  18:07  Widow Mine x2  
  122  18:09  Marauder  
  124  18:13  Factory  
  118  18:23  Marauder  
  118  18:28  Hellbat x2  
  118  18:30  Marauder  
  118  18:31  Marine x8  
  132  18:38  Terran Infantry Weapons Level 3  
  132  18:40  Terran Infantry Armor Level 3  
  132  18:41  Terran Vehicle Weapons Level 2  
  132  18:44  Marauder  
  134  18:49  Marine x2, Hellbat  
  134  18:50  Hellbat  
  134  18:51  Marauder  
  142  19:06  Marauder  
  130  19:13  Marauder  
  97  19:31  Marauder  
  97  19:33  Marine x6  
  97  19:34  Marauder  
  105  19:44  Medivac x2  
  111  19:53  Marauder  
  111  19:55  Marine x5  
  111  19:56  Marauder  
  111  19:57  SCV  
  111  19:59  Factory Tech Lab  
  119  20:05  Factory  
  119  20:08  Factory  
  119  20:09  SCV  
  119  20:14  Marauder, Medivac x2  
  126  20:17  Marauder  
  126  20:19  Refinery  
  128  20:21  SCV  
  129  20:29  Command Center  
  129  20:33  SCV  
  132  20:35  Marauder  
  132  20:38  Marauder  
  134  20:44  Marine  
  134  20:45  Marine x4, SCV  
  140  20:52  Factory Tech Lab  
  140  20:53  Factory Tech Lab  
  140  20:54  Thor  
  148  20:57  Marauder  
  148  21:00  Marauder  
  152  21:18  Marauder  
  152  21:21  Marauder  
  137  21:32  Thor x2  
  126  21:37  Thor  
  126  21:39  Marauder  
  115  22:14  Thor  
  38  23:30  Barracks, Engineering Bay  
Tags
 
Add a new tag
Caveats
  • Supply blocks, unpowered buildings, or Contaminate may cause inaccurate times.
  • Supply counts are checked every 10 seconds.